 Dungeon Crawl Stone Soup version 0.30-a0-808-g6e0788376e (webtiles) character file.

Game seed: 10057882754247937200

92 cforsyth the Sneak (level 4, -5/28 HPs)
             Began as a Kobold Brigand on Feb 25, 2023.
             Slain by a gnoll
             ... wielding a +0 halberd
              (8 damage)
             ... on level 2 of the Dungeon.
             The game lasted 00:03:11 (1237 turns).

cforsyth the Sneak (Kobold Brigand)                 Turns: 1237, Time: 00:03:12

Health: -5/28      AC:  6    Str:  8    XL:     4   Next: 90%
Magic:  4/4        EV: 14    Int: 12    God:
Gold:   84         SH:  0    Dex: 18    Spells: 3/3 levels left

rFire   . . .      SeeInvis .    a - +2 dagger
rCold   + + .      Faith    .    (no shield)
rNeg    . . .      Spirit   .    n - +1 leather armour of the Slashing Gods {+Inv rC++}
rPois   .          Reflect  .    (no helmet)
rElec   .          Harm     .    c - +0 cloak
rCorr   .          Rampage  .    h - +0 pair of gloves
Will    .....                    (no boots)
Stlth   +++                      (no amulet)
HPRegen 0.24/turn                (no ring)
MPRegen 0.09/turn                (no ring)

@: silenced
A: small, no large weapons, nightstalker 3
a: Evoke Invisibility


You were on level 2 of the Dungeon.
You visited 1 branch of the dungeon, and saw 2 of its levels.

You collected 84 gold pieces.

Inventory:

Hand Weapons
 a - a +2 dagger (weapon)
Missiles
 d - 9 poisoned darts (quivered)
 e - 3 curare-tipped darts
Armour
 b - a +0 robe
 c - a +0 cloak (worn)
 h - a +0 pair of gloves (worn)
 n - the +1 leather armour of the Slashing Gods (worn) {+Inv rC++}
   (You found it on level 2 of the Dungeon)

   rC:        It greatly protects you from cold.
   +Inv:      It lets you turn invisible.
Jewellery
 l - a +6 ring of intelligence
Wands
 s - a wand of iceblast (7)
Scrolls
 g - a scroll of teleportation {unknown}
 i - a scroll of vulnerability {unknown}
 j - a scroll of enchant weapon {unknown}
 m - a scroll of amnesia {unknown}
 o - a scroll of blinking {unknown}
 p - a scroll of enchant armour {unknown}
 q - 2 scrolls of identify
Potions
 k - 2 potions of curing


   Skills:
 + Level 3.1 Fighting
 + Level 3.8 Short Blades
 - Level 2.1 Throwing
 + Level 2.8 Dodging
 + Level 6.1 Stealth


You had 3 spell levels left.
You didn't know any spells.
Your spell library was empty.

Dungeon Overview and Level Annotations

Branches:
Dungeon (2/15)

Altars:


Innate Abilities, Weirdness & Mutations

You are small and have problems with some larger weapons.
You are completely attuned to the shadows.


Message History

The helpless adder fails to defend itself.
You skewer the adder like a kebab!!!
You kill the adder!
No target in view!
No target in view!
No target in view!
No target in view!
You see here a ball python skeleton.
A gnoll comes into view. It is wielding a +0 halberd.
A gnoll is nearby!
A gnoll is nearby!
A gnoll is nearby!
A gnoll is nearby!
The gnoll shouts!
You hear a shout!
The gnoll hits you from afar with a +0 halberd.
The gnoll barely misses you.
You closely miss the gnoll. The gnoll hits you with a +0 halberd!
You hit the gnoll.
The gnoll is lightly wounded.
The gnoll misses you.
You hit the gnoll.
The gnoll is heavily wounded.
The gnoll hits you with a +0 halberd!
You are too injured to fight recklessly!
You are too injured to fight recklessly!
You are too injured to fight recklessly!
You are too injured to fight recklessly!
As you read the scroll labelled XAXZUVI KIASA, it crumbles to dust.
It is a scroll of identify.
k - 2 potions of curing The gnoll barely misses you.
As you read the scroll labelled FEXZUE LEYNEZIBYNK, it crumbles to dust.
A profound silence engulfs you.
It was a scroll of silence.
The gnoll barely misses you. The gnoll hits you with a +0 halberd!
* * * LOW HITPOINT WARNING * * *
The gnoll attacks as you move away! The gnoll completely misses you.
The gnoll closely misses you.
It was a potion of magic.
Magic courses through your body.
The gnoll hits you from afar with a +0 halberd!
You die...

#.#......# #..
#.#......# #..
#.#......# #..
#.###....# #.. #.#
#....# #..
##.###....######..
#.g...........####
#................#
#@.g..........##.#
###........#.#####)#
#.....^....#.# #.#
#....###...#.#####.#
#†...# ###...#.....#
#....# ##.......##
#....# ##.#.#....
#....# #.#.#)###
###### #.#.#.# #


You could see 2 gnolls.

Vanquished Creatures
  5 adders (D:2)
  2 worms (D:2)
  6 endoplasms (D:2)
  2 hobgoblins (D:1)
  5 quokkas
  6 ball pythons
  2 frilled lizards (D:2)
  4 goblins
  6 kobolds
  5 rats
43 creatures vanquished.

Notes
Turn   | Place    | Note
-------+----------+-------------------------------------------
     0 | D:1      | cforsyth the Kobold Brigand began the quest for the Orb.
     0 | D:1      | Reached XP level 1. HP: 12/12 MP: 1/1
   307 | D:1      | Reached XP level 2. HP: 18/18 MP: 2/2
   365 | D:1      | Found a faded altar of an unknown god.
   710 | D:2      | Reached XP level 3. HP: 22/22 MP: 3/3
   730 | D:2      | Identified the +1 leather armour of the Slashing Gods {+Inv
                  | rC++}
   947 | D:2      | Reached XP level 4. HP: 25/27 MP: 4/4
  1114 | D:2      | Reached skill level 6 in Stealth
  1237 | D:2      | Slain by a gnoll

Illustrated notes

Levels and vault maps discovered:
D:1:      reono_arrival_forest_river, layout_basic,
          dreamdust_ecumenical_altar_statues
D:2:      layout_basic, nrook_mini_vaults

Skill      XL: |  1  2  3  4 |
---------------+-------------+-----
Short Blades   | 3 |  3.8
Dodging        | 2 |  2.8
Fighting       | 3 |  3.1
Stealth        | 6 |  6.1
Throwing       | |  2.1

Action                     |  1- 3 |  4- 6 || total
---------------------------+-------+-------++-------
  Melee: Dagger            |    61 |    45 ||   106
    Use: Scroll            |       |     2 ||     2
         Potion            |       |     1 ||     1
   Stab: Sleeping          |    17 |     5 ||    22
 Armour: Robe              |     5 |       ||     5
         Leather armour    |     1 |    12 ||    13
  Dodge: Dodged            |    22 |    24 ||    46

Table legend: (Time is in decaauts)
 A = Elapsed time spent in this place.
 B = Non-inter-level travel time spent in this place.
 C = Inter-level travel time spent in this place.
 D = Time resting spent in this place.
 E = Time spent auto-exploring this place.
 F = Levels seen in this place.
 G = Mean time per level.
                   A        B        C        D        E       F      G
               +--------+--------+--------+--------+--------+-----+--------+
         Total |   1229 |   1211 |     18 |      0 |    931 |   2 |  614.5 |
       Dungeon |   1229 |   1211 |     18 |      0 |    931 |   2 |  614.5 |
               +--------+--------+--------+--------+--------+-----+--------+

Top non-repeatable levels by time:
     D:1: 712 daAuts
     D:2: 516 daAuts
